 Dungeon Crawl Stone Soup version 0.29-a0-892-g2c4c91d9db (webtiles) character file.

Game seed: 7198978536267634629

4851 Destapler the Grappler (level 10, -10/94 (98) HPs)
             Began as a Troll Berserker on July 22, 2022.
             Was an Elder of Trog.
             Mangled by an orc warlord
             ... wielding a +6 battleaxe
              (22 damage)
             ... in a bailey.
             The game lasted 00:23:10 (7870 turns).

Destapler the Grappler (Troll Berserker)            Turns: 7870, Time: 00:23:10

HP:   -10/94 (98)   AC: 10    Str: 37    XL:     10   Next: 25%
MP:   9/9           EV: 10    Int:  3    God:    Trog [****..]
Gold: 586           SH:  0    Dex:  9    Spells: 9/9 levels left

rFire   . . .      SeeInvis .     - Unarmed
rCold   . . .      Faith    .   (no shield)
rNeg    . . .      Spirit   .   b - +0 animal skin
rPois   .          Reflect  .   (helmet restricted)
rElec   .          Harm     .   f - +1 cloak
rCorr   .          Rampage  .   (gloves unavailable)
Will    .....                   (boots unavailable)
Stlth   +.........              (no amulet)
HPRegen 1.05/turn               i - +6 ring of strength
MPRegen 0.11/turn               r - +4 ring of protection

@: studying Unarmed Combat, lightly drained
A: large, unfitting armour, claws 3, regeneration 1, shaggy fur 1, tough skin 1
a: Renounce Religion, Berserk, Trog's Hand, Brothers in Arms


You were in a bailey.
You worshipped Trog.
Trog was greatly pleased with you.
You visited 1 branch of the dungeon, and saw 10 of its levels.
You also visited: Bailey.

You collected 586 gold pieces.

Inventory:

Hand Weapons
 C - a +1 giant club
Missiles
 c - 11 boomerangs
 n - 6 javelins
 t - 12 poisoned darts
Armour
 b - a +0 animal skin (worn)
 f - a +1 cloak (worn)
Jewellery
 i - a +6 ring of strength (left claw)
 r - a +4 ring of protection (right claw)
 y - a ring of fire
Wands
 h - a wand of flame (33)
 s - a wand of iceblast (9)
 v - a wand of polymorph (8)
 w - a wand of quicksilver (4) (quivered)
Scrolls
 a - 2 scrolls of brand weapon {unknown}
 g - 6 scrolls of teleportation
 l - 5 scrolls of identify
 m - 2 scrolls of enchant armour
 o - 3 scrolls of enchant weapon
 p - 2 scrolls of butterflies
 x - a scroll of immolation {unknown}
 D - 2 scrolls of blinking
Potions
 d - 3 potions of invisibility
 e - 4 potions of curing
 j - a potion of heal wounds
 k - a potion of cancellation {unknown}
 q - a potion of might {unknown}
 u - a potion of lignification
 z - a potion of attraction
 A - a potion of flight
 B - 2 potions of haste
 E - 2 potions of mutation {unknown}


   Skills:
 + Level 5.7 Fighting
 - Level 3.0 Maces & Flails
 - Level 5.0 Throwing
 - Level 4.0 Armour
 - Level 4.0 Dodging
 - Level 5.0 Shields
 + Level 8.4 Unarmed Combat
 - Level 3.0 Evocations


You had 9 spell levels left.
You didn't know any spells.
Your spell library contained the following spells:

 Spells                   Type           Power      Damage    Failure   Level
 Sting                    Tmut/Pois      0%         1d3       52%         1
 Poisonous Vapours        Pois/Air       0%         N/A       67%         2
 Call Canine Familiar     Summ           0%         N/A       88%         3
 Portal Projectile        Hex/Tloc       0%         N/A       88%         3
 Leda's Liquefaction      Hex/Erth       0%         N/A       99%         4
 Olgreb's Toxic Radiance  Pois           0%         N/A       99%         4
 Alistair's Intoxication  Tmut/Pois      0%         N/A       100%        5
 Borgnjor's Vile Clutch   Necr/Erth      0%         N/A       100%        5
 Eringya's Noxious Bog    Tmut/Pois      0%         N/A       100%        6


Dungeon Overview and Level Annotations

Branches:
Dungeon (10/15)            Temple (0/1) D:6            Lair (0/5) D:9
 Bailey (1/1)
    Orc: D:9-12

Altars:
Cheibriados
Elyvilon
Fedhas
Gozag
Kikubaaqudgha
Nemelex Xobeh
Okawaru
Qazlal
Sif Muna
Wu Jian

Shops:
D:4 *

Annotations:
D:8 1 runed translucent door, MirrMurr's ghost, novice MiGl


Innate Abilities, Weirdness & Mutations

You are too large for most types of armour.
You have claws for hands.
Your natural rate of healing is unusually fast.
You are covered in fur. (AC +1)
You have tough skin. (AC +1)


Message History

Something hits you but does no damage.
The orc warlord shouts!
Something hits you but does no damage. Something hits you but does no damage.
Something hits you but does no damage. Something hits you but does no damage.
There is an open translucent gate here.
Things that are here:
a +0 hand axe; a +0 leather armour Unknown command.
Aiming: Quicksilver Bolt
Press: ? - help, Q - select action, (/) - cycle Shift-Dir - straight line, f - orc warlord
Aim: an orc warlord, wielding a +6 battleaxe and wearing a +0 plate armour (84% to hit)
The bolt of dispelling energy hits the orc warlord!
The orc warlord is lightly wounded.
Something hits you but does no damage.
Aiming: Quicksilver Bolt
Press: ? - help, Q - select action, (/) - cycle Shift-Dir - straight line, f/p - orc warlord
Aim: an orc warlord, wielding a +6 battleaxe and wearing a +0 plate armour (lightly wounded, 84% to hit)
The bolt of dispelling energy hits the orc warlord!
The orc warlord is moderately wounded.
Something hits you.
You mangle the orc warlord!!
The orc warlord is heavily wounded.
Something hits you but does no damage.
The orc warlord hits you with a +6 battleaxe!!
Your ogre goes berserk!
Something hits you but does no damage.
The orc warlord hits you with a +6 battleaxe!
You mangle the orc warlord!!
The orc warlord is severely wounded.
Something hits you but does no damage.
The orc warlord hits you with a +6 battleaxe!!
* * * LOW HITPOINT WARNING * * *
You scratch the orc warlord.
The orc warlord is severely wounded.
Your ogre hits the orc warlord with a +0 giant club!!
Something hits you but does no damage.
The orc warlord hits you with a +6 battleaxe!!
You die...

♣♣...≈≈≈.##.o.......##.≈≈≈...♣
♣∩...≈≈≈.#≈....∩....≈#{≈≈≈...∩♣
♣...≈≈≈.#≈.........≈#)≈≈≈...♣♣
♣...≈≈).#≈≈.8...8.≈≈#))≈≈...♣
♣♣..###'###.......###'###..♣♣
♣.##....#≈.8...8.≈#))[.##.♣
♣##.....#≈≈≈≈≈≈≈≈≈#.....##♣
##......####≈Oo####......##
#...8......#''@#......8...#
#.........................#
#.........................#
##..8.)8...........8..8..##
##.......#######.......##
##.....## ##.....## ##...##
##...## ##### #####


You could see an orc warlord (ally target) and a friendly ogre (summoned,
berserk).

Vanquished Creatures
  A boulder beetle (D:8)
  A hornet (D:8)
  Grinder (D:3)
  A wraith (D:9)
  5 orc warriors
  2 ice beasts (D:6)
  A black bear (D:5)
  An ogre (D:5)
  2 centaurs
  3 phantoms
  A kobold brigand (D:8)
  2 bullfrogs
  4 scorpions
  A necrophage (D:4)
  5 wights (D:10)
  5 killer bees (D:9)
  8 howler monkeys
  A lava snake (D:8)
  A crimson imp (D:9)
  3 hounds
  6 orc priests
  4 jellies
  4 gnoll boudas
  4 iguanas
  Jessica (D:2)
  Ijyb (D:4)
  5 orc wizards
  Robin (D:4)
  14 gnolls
  8 adders
  A shadow imp (D:6)
  4 white imps
  2 ufetubi
  2 worms
  2 dart slugs (D:1)
  25 orcs
  8 bats
  5 endoplasms
  2 giant cockroaches
  24 goblins
  4 hobgoblins
  4 jackals (D:1)
  19 kobolds
  3 quokkas
  10 ball pythons
  7 rats
219 creatures vanquished.

Vanquished Creatures (others)
  48 plants
48 creatures vanquished.

Grand Total: 267 creatures vanquished

Notes
Turn   | Place    | Note
-------+----------+-------------------------------------------
     0 | D:1      | Destapler the Troll Berserker began the quest for the Orb.
     0 | D:1      | Reached XP level 1. HP: 22/22 MP: 0/0
    73 | D:1      | Found a faded altar of an unknown god.
   113 | D:1      | Reached XP level 2. HP: 29/29 MP: 1/1
   376 | D:1      | Reached skill level 1 in Unarmed Combat
   377 | D:1      | Reached XP level 3. HP: 36/36 MP: 2/2
   963 | D:2      | Reached ** piety under Trog
  1230 | D:2      | Reached XP level 4. HP: 44/44 MP: 3/3
  1283 | D:2      | Reached skill level 1 in Throwing
  1283 | D:2      | Reached skill level 1 in Shields
  1494 | D:2      | Noticed Jessica
  1497 | D:2      | Killed Jessica
  1498 | D:2      | Reached XP level 5. HP: 47/52 MP: 4/4
  1756 | D:3      | Reached skill level 1 in Armour
  1820 | D:3      | Reached skill level 2 in Unarmed Combat
  1883 | D:3      | Found a blossoming altar of Fedhas.
  1938 | D:3      | Found a stormy altar of Qazlal.
  1938 | D:3      | Found a sparkling altar of Nemelex Xobeh.
  2342 | D:3      | Noticed Grinder
  2357 | D:3      | Killed Grinder
  2358 | D:3      | Reached skill level 1 in Evocations
  2358 | D:3      | Reached XP level 6. HP: 61/61 MP: 5/5
  2627 | D:4      | Found Ynoed's Overcharged Wands.
  2639 | D:4      | Reached skill level 3 in Unarmed Combat
  2771 | D:4      | Noticed Ijyb
  2782 | D:4      | Killed Ijyb
  2867 | D:4      | Noticed Robin
  2895 | D:4      | Killed Robin
  2898 | D:4      | Reached XP level 7. HP: 67/67 MP: 6/6
  3329 | D:5      | Entered Level 5 of the Dungeon
  3537 | D:5      | Found an iron altar of Okawaru.
  3850 | D:5      | Reached skill level 4 in Unarmed Combat
  3858 | D:5      | Reached XP level 8. HP: 77/78 MP: 7/7
  4179 | D:6      | Found a staircase to the Ecumenical Temple.
  4295 | D:6      | Reached *** piety under Trog
  4373 | D:6      | Reached skill level 5 in Unarmed Combat
  4645 | D:6      | Reached XP level 9. HP: 83/84 MP: 8/8
  4912 | D:6      | Found a shimmering blue altar of Sif Muna.
  5083 | D:7      | You fall into a shaft and drop 1 floor!
  5187 | D:7      | Reached skill level 6 in Unarmed Combat
  5537 | D:7      | Found a white marble altar of Elyvilon.
  5969 | D:8      | Found a runed translucent door.
  5969 | D:8      | Noticed MirrMurr's ghost (novice MiGl)
  6208 | D:8      | Noticed a boulder beetle
  6230 | D:8      | Killed a boulder beetle
  6231 | D:8      | Reached skill level 5 in Fighting
  6231 | D:8      | Reached skill level 7 in Unarmed Combat
  6338 | D:8      | Found an ornate altar of the Wu Jian Council.
  6407 | D:8      | Identified the +1 chain mail of the Stag {Rampage}
  6452 | D:8      | Found a snail-covered altar of Cheibriados.
  6725 | D:9      | Reached **** piety under Trog
  6823 | D:9      | Found an ancient bone altar of Kikubaaqudgha.
  6983 | D:9      | Reached XP level 10. HP: 96/96 MP: 9/9
  7118 | D:9      | Found a staircase to the Lair.
  7533 | D:10     | Entered Level 10 of the Dungeon
  7570 | D:10     | Reached skill level 5 in Throwing
  7573 | D:10     | Reached skill level 8 in Unarmed Combat
  7604 | D:10     | Found an opulent altar of Gozag.
  7649 | D:10     | Found a flagged portal.
  7663 | Bailey   | Entered a bailey
  7668 | Bailey   | Noticed an orc warlord
  7709 | Bailey   | Acquired a manual of Unarmed Combat
  7748 | Bailey   | Reached skill level 5 in Shields
  7788 | Bailey   | Found a runed translucent gate.
  7790 | Bailey   | Found a runed translucent gate.
  7792 | Bailey   | Found a runed translucent gate.
  7870 | Bailey   | Mangled by an orc warlord

Illustrated notes

Levels and vault maps discovered:
D:1:      lemuel_arrival_room, layout_loops_ring, ebering_ecumenical_altar_box
D:2:      layout_basic, kennysheep_boxes, uniq_jessica
D:3:      layout_loops_corners, mainiacjoe_overflow_divided_tiny,
          mainiacjoe_overflow_concentric_impassable, uniq_grinder
D:4:      layout_loops_cross, nicolae_shop_overcharged_wands, uniq_robin,
          uniq_ijyb
D:5:      minmay_diamond_boxcup, layout_cave_pools, okawaru_gym_becter
D:6:      layout_loops_cross, led_sif_book, minmay_temple_entry_glassed_door
D:7:      layout_basic, lemuel_round_altar
D:8:      layout_basic, mainiacjoe_overflow_alcove_2, cheibrodos_worm_habitat,
          hellmonk_ghost_big_iron, nicolae_lava_and_water
D:9:      layout_gridville, mainiacjoe_overflow_catwalk, lair_entry_dummy,
          minmay_fire_ice_demons
D:10:     layout_loops_corners, nicolae_gozag_seed_capital, enter_bailey_3
Bailey:   bailey_axe_bossmonster_kennysheep, bailey

Skill      XL: |  1  2  3  4  5  6  7  8  9 10 |
---------------+-------------------------------+-----
Unarmed Combat | 1 2 3 4 5 7 8 |  8.4
Maces & Flails | 3 |  3.0
Throwing       | 1 2 3 4 5 |  5.0
Shields        | 1 2 3 4 5 |  5.0
Armour         | 1 2 3 4 |  4.0
Fighting       | 3 4 5 |  5.7
Dodging        | 3 4 |  4.0
Evocations     | 1 2 3 |  3.0

Action                   |  1- 3 |  4- 6 |  7- 9 | 10-12 || total
-------------------------+-------+-------+-------+-------++-------
Melee: Unarmed           |   128 |   102 |   290 |    86 ||   606
       Punch             |       |     2 |    12 |     4 ||    18
Throw: Boomerang         |       |       |    22 |       ||    22
Invok: Berserk           |     3 |     3 |     9 |     3 ||    18
       Trog's Hand       |       |     1 |       |       ||     1
       Brothers in Arms  |       |       |       |     1 ||     1
Evoke: Wand              |       |       |       |     2 ||     2
  Use: Scroll            |       |     8 |    12 |     2 ||    22
       Potion            |       |       |     3 |       ||     3
 Stab: Sleeping          |     1 |       |       |       ||     1
Armor: Animal skin       |    84 |    31 |    99 |    28 ||   242
       Skin              |       |     1 |     1 |       ||     2
Dodge: Dodged            |    82 |    48 |   156 |    34 ||   320

Table legend: (Time is in decaauts)
 A = Elapsed time spent in this place.
 B = Non-inter-level travel time spent in this place.
 C = Inter-level travel time spent in this place.
 D = Time resting spent in this place.
 E = Time spent auto-exploring this place.
 F = Levels seen in this place.
 G = Mean time per level.
                   A        B        C        D        E       F      G
               +--------+--------+--------+--------+--------+-----+--------+
         Total |   7963 |   7595 |    368 |    379 |   5602 |  11 |  723.9 |
       Dungeon |   7747 |   7379 |    368 |    352 |   5576 |  10 |  774.7 |
        Bailey |    216 |    216 |      0 |     27 |     26 |   1 |  216.0 |
               +--------+--------+--------+--------+--------+-----+--------+

Top non-repeatable levels by time:
     D:2: 952 daAuts
     D:8: 944 daAuts
     D:9: 944 daAuts
     D:6: 870 daAuts
     D:3: 858 daAuts
     D:1: 803 daAuts
     D:5: 792 daAuts
     D:4: 751 daAuts
     D:7: 693 daAuts
  Bailey: 216 daAuts
    D:10: 136 daAuts
